[ AOE2 MATCH · #471065474 ]
Team RMPortuguese vs Franks
[ REPLAY ANALYSIS · EXTRACTED FROM THE RECORDED GAME ]
Feudal
10:35
Castle
30:48
Imperial
45:31
| APM avg | 3.5 |
| APM peak | 13 |
| eAPM avg | 2.9 |
| Villagers / military | 23 / 8 |
Focus
⚔️ 14.9% · 🌾 85.1%
Organ Gun ×5 · Fishing Ship ×4 · Trade Cart ×2 · Mangonel ×2 · Battering Ram ×1
Feudal
15:37
Castle
28:18
Imperial
42:32
| APM avg | 19.8 |
| APM peak | 58 |
| eAPM avg | 10.6 |
| Villagers / military | 167 / 149 |
Focus
⚔️ 24.8% · 🌾 75.2%
Hand Cannoneer ×100 · Archer ×23 · Militia ×18 · Skirmisher ×5 · Monk ×2 · Battering Ram ×1
Feudal
17:29
Castle
22:00
Imperial
—
| APM avg | 5.0 |
| APM peak | 27 |
| eAPM avg | 4.0 |
| Villagers / military | 46 / 13 |
Focus
⚔️ 11.3% · 🌾 88.7%
Knight ×13
Feudal
13:59
Castle
25:48
Imperial
44:15
| APM avg | 12.2 |
| APM peak | 28 |
| eAPM avg | 8.3 |
| Villagers / military | 96 / 46 |
Focus
⚔️ 22.3% · 🌾 77.7%
Knight ×36 · Fishing Ship ×9 · Battering Ram ×7 · Trade Cart ×7 · Monk ×3
Feudal
17:59
Castle
—
Imperial
—
| APM avg | 9.5 |
| APM peak | 37 |
| eAPM avg | 7.3 |
| Villagers / military | 31 / 34 |
Focus
⚔️ 37.6% · 🌾 62.4%
Militia ×16 · Archer ×12 · Fire Galley ×4 · Demolition Raft ×2 · Unknown (2626) ×1
Feudal
15:35
Castle
20:37
Imperial
44:43
| APM avg | 10.9 |
| APM peak | 28 |
| eAPM avg | 9.8 |
| Villagers / military | 134 / 151 |
Focus
⚔️ 26.1% · 🌾 73.9%
Archer ×84 · Leitis ×46 · Trade Cart ×11 · Battering Ram ×7 · Trebuchet (Packed) ×6 · Militia ×5
Match map
Initial resources + every placement click. Lines = walls · curves = elevation contours. ◆ gold · ⬟ stone · ● berries · ✦ relic · ◌ wall gap
Your base· ✓ Closed at 30:48 · 25t walls · 1 gate(s)
butyugov.gp's base· Open — opponent sealed themselves in
_Wood_Miner_'s base· ✓ Closed at 22:00 · 0t walls · no gate
Ganz's base· Open — opponent sealed themselves in
EL-Majdoub's base· ✓ Closed at 12:00 · 47t walls · no gate
asl_amsterdam's base· Open — opponent sealed themselves in
Smoothed initial terrain · ◌ = detected wall gap · hover for details
Inputs per minute
— SINCITY80NYC - - butyugov.gp
Build order — SINCITY80NYC
98 actions detected in the replay
| 0:28 | Create | Villager (Male) |
| 1:25 | Build | House |
| 2:18 | Build | House |
| 2:35 | Create | Villager (Male) |
| 2:35 | Create | Villager (Male) |
| 3:22 | Build | Mill |
| 4:37 | Build | Lumber Camp |
| 8:09 | Build | Palisade Wall |
| 8:25 | Research | Feudal Age |
| 8:39 | Build | Farm |
| 8:51 | Build | Farm |
| 9:32 | Build | Palisade Gate |
| 10:04 | Build | Palisade Wall |
| 10:35 | Age | Feudal Age |
| 10:45 | Build | Watch Tower |
| 11:20 | Create | Villager (Male) |
| 11:20 | Create | Villager (Male) |
| 11:21 | Create | Villager (Male) |
| 11:21 | Create | Villager (Male) |
| 12:45 | Build | Farm |
| 13:33 | Build | Farm |
| 14:28 | Research | Town Watch |
| 14:31 | Create | Villager (Male) |
| 14:32 | Research | Loom |
| 14:34 | Create | Villager (Male) |
| 15:26 | Build | Stone Wall |
| 15:43 | Build | House |
| 15:45 | Build | House |
| 15:47 | Build | House |
| 15:49 | Build | House |
| 15:56 | Create | Villager (Male) |
| 15:57 | Create | Villager (Male) |
| 15:57 | Create | Villager (Male) |
| 15:57 | Create | Villager (Male) |
| 16:10 | Build | Farm |
| 16:42 | Research | Double-Bit Axe |
| 17:03 | Build | Farm |
| 17:31 | Build | Farm |
| 18:59 | Research | Horse Collar |
| 19:35 | Create | Villager (Male) |
| 19:37 | Create | Villager (Male) |
| 20:15 | Build | Mining Camp |
| 20:56 | Create | Villager (Male) |
| 20:56 | Create | Villager (Male) |
| 21:20 | Research | Gold Mining |
| 21:22 | Research | Stone Mining |
| 22:16 | Build | Market |
| 22:28 | Build | Market |
| 23:11 | Create | Villager (Male) |
| 23:12 | Create | Villager (Male) |
| 23:16 | Create | Villager (Male) |
| 23:16 | Create | Villager (Male) |
| 24:15 | Build | Farm |
| 24:43 | Build | Dock |
| 24:55 | Create | Trade Cart |
| 24:55 | Create | Trade Cart |
| 26:11 | Build | Blacksmith |
| 26:21 | Create | Fishing Ship |
| 27:23 | Research | Scale Mail Armor |
| 27:44 | Build | Mining Camp |
| 28:08 | Research | Castle Age |
| 30:28 | Research | Tech 906 |
| 30:29 | Create | Fishing Ship |
| 30:48 | Age | Castle Age |
| 31:05 | Research | Gillnets |
| 32:49 | Build | Castle |
| 33:23 | Create | Villager (Male) |
| 33:23 | Create | Villager (Male) |
| 33:43 | Create | Fishing Ship |
| 33:44 | Create | Fishing Ship |
| 34:34 | Build | Siege Workshop |
| 34:59 | Build | Siege Workshop |
| 35:50 | Build | Lumber Camp |
| 37:13 | Build | Watch Tower |
| 37:38 | Research | Tech 1404 |
| 38:37 | Research | Bow Saw |
| 39:06 | Build | Watch Tower |
| 39:19 | Build | Fish Trap |
| 39:27 | Build | Fish Trap |
| 39:55 | Build | Fish Trap |
| 40:31 | Build | Fish Trap |
| 42:21 | Research | Imperial Age |
| 42:53 | Build | Watch Tower |
| 43:46 | Create | Organ Gun |
| 43:47 | Create | Organ Gun |
| 45:31 | Age | Imperial Age |
| 45:40 | Build | Town Center |
| 46:03 | Create | Mangonel |
| 46:03 | Create | Mangonel |
| 46:23 | Create | Organ Gun |
| 47:13 | Create | Battering Ram |
| 47:17 | Research | Capped Ram (upgrade) |
| 49:19 | Create | Organ Gun |
| 49:19 | Create | Organ Gun |
| 51:34 | Build | Farm |
| 54:14 | Build | Town Center |
| 55:56 | Build | Fish Trap |
| 56:08 | Build | Fish Trap |
Build order — butyugov.gp
First 150 of 318 actions detected
| 0:02 | Create | Villager (Male) ×4 |
| 0:03 | Build | House |
| 0:22 | Build | House |
| 0:28 | Build | House |
| 0:29 | Build | House |
| 0:31 | Build | House |
| 1:29 | Create | Villager (Male) |
| 1:51 | Research | Loom |
| 2:12 | Create | Villager (Male) |
| 2:42 | Create | Villager (Male) |
| 2:51 | Create | Villager (Male) |
| 4:01 | Create | Villager (Male) ×2 |
| 4:19 | Create | Villager (Male) |
| 5:10 | Create | Villager (Male) |
| 5:56 | Create | Villager (Male) ×5 |
| 6:10 | Create | Villager (Male) |
| 6:36 | Create | Villager (Male) |
| 7:13 | Create | Villager (Male) ×5 |
| 8:26 | Build | Mill |
| 8:42 | Build | House |
| 8:42 | Build | House |
| 8:45 | Build | House |
| 8:45 | Build | House |
| 9:47 | Create | Villager (Male) ×5 |
| 9:52 | Build | Lumber Camp |
| 10:32 | Build | Mining Camp |
| 11:50 | Build | Barracks |
| 12:26 | Create | Villager (Male) |
| 12:35 | Research | Feudal Age |
| 13:24 | Create | Militia ×5 |
| 13:44 | Build | House |
| 13:45 | Build | House |
| 13:47 | Build | House |
| 13:49 | Build | House |
| 15:09 | Build | Farm |
| 15:10 | Build | Farm |
| 15:12 | Build | Farm |
| 15:16 | Build | Farm |
| 15:18 | Build | Farm |
| 15:20 | Build | Farm |
| 15:21 | Build | Farm |
| 15:23 | Build | Farm |
| 15:25 | Build | Farm |
| 15:26 | Build | Farm |
| 15:27 | Build | Farm |
| 15:37 | Age | Feudal Age |
| 15:46 | Research | Man-at-Arms (upgrade) |
| 15:47 | Research | Arson |
| 15:57 | Build | Archery Range |
| 16:16 | Build | Farm |
| 16:18 | Build | Farm |
| 16:20 | Build | Farm |
| 16:39 | Create | Archer ×3 |
| 16:48 | Build | Blacksmith |
| 17:02 | Create | Villager (Male) ×5 |
| 17:09 | Create | Militia |
| 17:59 | Create | Militia ×4 |
| 18:27 | Research | Horse Collar |
| 18:57 | Build | Barracks |
| 19:08 | Create | Archer ×2 |
| 19:15 | Create | Villager (Male) ×5 |
| 19:22 | Research | Forging |
| 20:16 | Build | Archery Range |
| 20:32 | Create | Archer ×3 |
| 20:58 | Research | Gold Mining |
| 21:00 | Research | Double-Bit Axe |
| 21:09 | Research | Scale Mail Armor |
| 21:26 | Create | Militia ×5 |
| 22:03 | Build | Archery Range |
| 22:37 | Create | Villager (Male) ×5 |
| 24:54 | Build | Archery Range |
| 25:38 | Research | Castle Age |
| 25:39 | Research | Wheelbarrow |
| 26:13 | Create | Skirmisher ×5 |
| 26:21 | Build | Mining Camp |
| 27:08 | Build | Lumber Camp |
| 27:11 | Research | Padded Archer Armor |
| 27:11 | Research | Fletching |
| 27:16 | Research | Stone Mining |
| 27:42 | Create | Militia ×3 |
| 28:18 | Age | Castle Age |
| 28:21 | Build | Mill |
| 28:23 | Build | Farm |
| 28:24 | Build | Farm |
| 28:25 | Build | Farm |
| 28:28 | Build | Farm |
| 28:30 | Build | Farm |
| 28:34 | Create | Villager (Male) ×4 |
| 28:43 | Build | Siege Workshop |
| 28:55 | Build | Farm |
| 28:56 | Build | Farm |
| 29:11 | Research | Long Swordsman (upgrade) |
| 29:24 | Research | Gambesons |
| 29:39 | Build | Barracks |
| 29:43 | Research | Elite Skirmisher (upgrade) |
| 29:55 | Research | Crossbowman (upgrade) |
| 29:57 | Create | Archer ×5 |
| 30:00 | Create | Archer ×5 |
| 30:01 | Create | Archer ×5 |
| 30:09 | Create | Battering Ram |
| 30:27 | Build | Farm |
| 30:31 | Build | Farm |
| 30:33 | Create | Villager (Male) ×5 |
| 30:37 | Build | Town Center |
| 31:15 | Build | House |
| 31:18 | Build | House |
| 31:19 | Build | House |
| 31:20 | Build | House |
| 31:21 | Build | House |
| 31:23 | Build | House |
| 31:24 | Build | House |
| 31:25 | Build | House |
| 31:25 | Build | House |
| 31:26 | Build | House |
| 31:27 | Build | House |
| 31:28 | Build | House |
| 32:35 | Create | Villager (Male) ×5 |
| 32:40 | Build | Town Center |
| 32:47 | Build | Mining Camp |
| 33:04 | Create | Villager (Male) ×5 |
| 33:12 | Build | Mining Camp |
| 33:18 | Build | Mining Camp |
| 33:20 | Research | Heavy Plow |
| 33:29 | Create | Villager (Male) ×5 |
| 34:17 | Build | Mining Camp |
| 34:29 | Research | Hand Cart |
| 34:32 | Create | Villager (Male) |
| 34:32 | Create | Villager (Male) |
| 34:32 | Create | Villager (Male) |
| 34:33 | Research | Town Watch |
| 34:35 | Research | Bow Saw |
| 34:51 | Build | Monastery |
| 35:01 | Build | House |
| 35:02 | Build | House |
| 35:04 | Build | House |
| 35:06 | Build | House |
| 35:07 | Build | House |
| 35:08 | Build | House |
| 35:09 | Build | House |
| 35:10 | Build | House |
| 35:11 | Build | House |
| 35:12 | Build | House |
| 35:14 | Build | House |
| 35:15 | Build | House |
| 35:18 | Create | Villager (Male) ×5 |
| 35:19 | Create | Villager (Male) ×5 |
| 36:19 | Create | Monk |
| 36:23 | Create | Monk |
| 36:25 | Build | Mining Camp |
| 36:29 | Create | Villager (Male) |
Build order — _Wood_Miner_
102 actions detected in the replay
| 4:42 | Create | Villager (Male) |
| 4:44 | Research | Loom |
| 4:44 | Create | Villager (Male) |
| 4:45 | Create | Villager (Male) |
| 4:59 | Build | House |
| 5:00 | Build | House |
| 5:05 | Create | Villager (Male) |
| 6:10 | Build | House |
| 6:24 | Create | Villager (Male) |
| 7:01 | Create | Villager (Male) |
| 7:29 | Create | Villager (Male) |
| 9:03 | Create | Villager (Male) ×3 |
| 9:46 | Build | Mill |
| 9:56 | Build | Lumber Camp |
| 10:18 | Create | Villager (Male) |
| 10:30 | Build | House |
| 10:32 | Build | House |
| 10:39 | Create | Villager (Male) |
| 11:10 | Create | Villager (Male) |
| 11:12 | Create | Villager (Male) |
| 11:57 | Create | Villager (Male) |
| 12:15 | Create | Villager (Male) |
| 12:34 | Build | Farm |
| 12:35 | Build | Farm |
| 12:36 | Build | Farm |
| 12:37 | Build | Farm |
| 12:37 | Build | Farm |
| 12:38 | Build | Farm |
| 12:47 | Create | Villager (Male) |
| 12:48 | Create | Villager (Male) |
| 13:31 | Build | Mining Camp |
| 13:37 | Create | Villager (Male) |
| 13:58 | Build | Mining Camp |
| 14:14 | Create | Villager (Male) |
| 15:19 | Research | Feudal Age |
| 15:40 | Build | Farm |
| 16:24 | Build | Farm |
| 16:31 | Build | Farm |
| 17:29 | Age | Feudal Age |
| 17:59 | Build | Market |
| 18:03 | Build | Blacksmith |
| 18:12 | Create | Villager (Male) |
| 18:12 | Create | Villager (Male) |
| 19:20 | Research | Castle Age |
| 22:00 | Age | Castle Age |
| 22:18 | Build | Town Center |
| 22:35 | Create | Villager (Male) ×5 |
| 23:02 | Research | Double-Bit Axe |
| 23:05 | Research | Horse Collar |
| 23:20 | Create | Villager (Male) |
| 23:33 | Build | Farm |
| 23:34 | Build | Farm |
| 23:34 | Build | Farm |
| 23:35 | Build | Farm |
| 23:37 | Build | Farm |
| 23:52 | Build | Farm |
| 24:11 | Create | Villager (Male) |
| 24:36 | Build | Lumber Camp |
| 24:46 | Build | Farm |
| 24:59 | Create | Villager (Male) |
| 24:59 | Create | Villager (Male) |
| 25:02 | Create | Villager (Male) |
| 25:02 | Create | Villager (Male) |
| 25:21 | Create | Villager (Male) |
| 25:25 | Create | Villager (Male) |
| 25:33 | Build | House |
| 25:34 | Build | House |
| 25:36 | Build | House |
| 25:38 | Build | House |
| 26:13 | Build | Mining Camp |
| 26:18 | Build | Barracks |
| 26:33 | Create | Villager (Male) |
| 26:34 | Create | Villager (Male) |
| 27:01 | Build | Stable |
| 27:13 | Create | Villager (Male) ×5 |
| 28:13 | Build | Stable |
| 28:16 | Create | Knight |
| 28:17 | Create | Knight |
| 28:30 | Research | Pikeman (upgrade) |
| 28:43 | Create | Knight |
| 28:44 | Create | Knight |
| 28:55 | Build | Mining Camp |
| 29:05 | Build | Stable |
| 29:10 | Create | Knight |
| 29:24 | Create | Knight |
| 29:26 | Create | Knight |
| 29:54 | Create | Villager (Male) |
| 30:00 | Create | Villager (Male) |
| 30:01 | Research | Town Watch |
| 30:04 | Create | Villager (Male) |
| 30:06 | Create | Villager (Male) |
| 30:23 | Create | Knight |
| 30:23 | Create | Knight |
| 30:44 | Build | House |
| 30:45 | Build | House |
| 30:47 | Build | House |
| 30:49 | Build | House |
| 30:52 | Build | House |
| 31:19 | Create | Knight |
| 31:19 | Create | Knight |
| 31:19 | Create | Knight |
| 31:20 | Create | Knight |
Build order — Ganz
First 150 of 273 actions detected
| 0:06 | Create | Villager (Male) |
| 0:07 | Create | Villager (Male) |
| 0:08 | Create | Villager (Male) |
| 0:19 | Build | House |
| 0:45 | Create | Villager (Male) |
| 0:45 | Create | Villager (Male) |
| 1:04 | Build | House |
| 1:08 | Research | Loom |
| 2:09 | Create | Villager (Male) |
| 2:09 | Create | Villager (Male) |
| 2:43 | Create | Villager (Male) |
| 3:20 | Create | Villager (Male) |
| 3:20 | Create | Villager (Male) |
| 3:32 | Build | House |
| 3:40 | Build | House |
| 3:47 | Create | Villager (Male) |
| 3:47 | Create | Villager (Male) |
| 3:47 | Create | Villager (Male) |
| 4:14 | Create | Villager (Male) |
| 4:15 | Create | Villager (Male) |
| 4:35 | Create | Villager (Male) |
| 4:36 | Create | Villager (Male) |
| 5:21 | Create | Villager (Male) |
| 5:21 | Create | Villager (Male) |
| 5:22 | Create | Villager (Male) |
| 6:55 | Create | Villager (Male) |
| 6:55 | Create | Villager (Male) |
| 6:56 | Create | Villager (Male) |
| 6:57 | Create | Villager (Male) |
| 6:57 | Create | Villager (Male) |
| 8:01 | Create | Villager (Male) |
| 8:02 | Create | Villager (Male) |
| 8:16 | Build | House |
| 9:45 | Build | Mill |
| 10:07 | Build | Lumber Camp |
| 10:34 | Create | Villager (Male) |
| 10:34 | Create | Villager (Male) |
| 10:35 | Create | Villager (Male) |
| 11:32 | Research | Feudal Age |
| 12:15 | Build | Barracks |
| 13:53 | Build | Dock |
| 13:59 | Age | Feudal Age |
| 14:05 | Research | Double-Bit Axe |
| 14:38 | Create | Villager (Male) |
| 14:39 | Create | Villager (Male) |
| 14:39 | Create | Villager (Male) |
| 14:39 | Create | Villager (Male) |
| 14:39 | Create | Villager (Male) |
| 14:46 | Create | Villager (Male) |
| 14:46 | Create | Villager (Male) |
| 14:59 | Build | Mining Camp |
| 15:42 | Build | Stable |
| 15:46 | Create | Villager (Male) |
| 15:47 | Create | Villager (Male) |
| 16:00 | Build | House |
| 16:04 | Build | House |
| 16:12 | Build | House |
| 17:16 | Build | Stone Wall |
| 17:24 | Build | House |
| 17:44 | Build | Archery Range |
| 18:00 | Create | Villager (Male) |
| 18:00 | Create | Villager (Male) |
| 18:00 | Create | Villager (Male) |
| 18:22 | Build | Farm |
| 18:23 | Build | Farm |
| 18:25 | Build | Farm |
| 18:27 | Build | Farm |
| 18:29 | Build | Farm |
| 18:30 | Build | Farm |
| 18:35 | Create | Fishing Ship |
| 18:36 | Create | Fishing Ship |
| 18:36 | Create | Fishing Ship |
| 18:49 | Build | Dock |
| 19:08 | Build | Gate |
| 19:39 | Build | House |
| 20:00 | Create | Fishing Ship |
| 20:01 | Create | Fishing Ship |
| 20:20 | Build | Archery Range |
| 20:29 | Build | House |
| 20:36 | Create | Villager (Male) |
| 20:37 | Create | Villager (Male) |
| 21:00 | Build | Mining Camp |
| 21:03 | Create | Villager (Male) |
| 21:04 | Create | Villager (Male) |
| 21:17 | Build | House |
| 21:29 | Research | Tech 906 |
| 21:47 | Build | Stable |
| 22:16 | Build | Stone Wall |
| 22:22 | Build | Gate |
| 22:37 | Build | Market |
| 22:55 | Build | Blacksmith |
| 23:08 | Research | Castle Age |
| 23:14 | Create | Fishing Ship |
| 23:16 | Create | Fishing Ship |
| 23:25 | Create | Fishing Ship |
| 23:26 | Create | Fishing Ship |
| 23:50 | Build | Barracks |
| 24:31 | Build | Lumber Camp |
| 24:53 | Build | Lumber Camp |
| 25:27 | Build | House |
| 25:31 | Build | House |
| 25:37 | Research | Wheelbarrow |
| 25:48 | Age | Castle Age |
| 26:21 | Create | Villager (Male) |
| 26:21 | Create | Villager (Male) |
| 26:22 | Create | Villager (Male) |
| 26:29 | Research | Bow Saw |
| 26:38 | Build | Town Center |
| 26:48 | Build | Town Center |
| 27:02 | Build | Siege Workshop |
| 27:16 | Build | House |
| 27:21 | Research | Forging |
| 27:48 | Research | Hand Cart |
| 27:49 | Create | Villager (Male) |
| 27:49 | Create | Villager (Male) |
| 27:49 | Create | Villager (Male) |
| 28:10 | Build | Farm |
| 28:11 | Build | Farm |
| 28:13 | Build | Farm |
| 28:14 | Build | Farm |
| 28:22 | Build | House |
| 28:28 | Create | Battering Ram |
| 28:28 | Create | Battering Ram |
| 28:29 | Create | Battering Ram |
| 28:37 | Build | Siege Workshop |
| 28:51 | Create | Battering Ram |
| 29:28 | Create | Battering Ram |
| 29:28 | Create | Battering Ram |
| 29:28 | Create | Battering Ram |
| 32:54 | Build | Town Center |
| 33:02 | Build | Fish Trap |
| 33:08 | Build | Fish Trap |
| 33:13 | Build | Fish Trap |
| 33:18 | Build | Fish Trap |
| 33:22 | Build | Fish Trap |
| 33:26 | Create | Villager (Male) |
| 33:26 | Create | Villager (Male) |
| 33:26 | Create | Villager (Male) |
| 33:27 | Create | Villager (Male) |
| 33:27 | Create | Villager (Male) |
| 33:41 | Build | Mining Camp |
| 33:49 | Create | Villager (Male) |
| 33:49 | Create | Villager (Male) |
| 33:49 | Create | Villager (Male) |
| 33:50 | Create | Villager (Male) |
| 33:54 | Create | Villager (Male) |
| 33:54 | Create | Villager (Male) |
| 33:54 | Create | Villager (Male) |
| 33:55 | Create | Villager (Male) |
| 33:59 | Research | Gold Mining |
Build order — EL-Majdoub
115 actions detected in the replay
| 0:39 | Build | Palisade Wall |
| 0:42 | Build | Palisade Wall |
| 0:46 | Build | Palisade Wall |
| 0:51 | Build | Palisade Wall |
| 1:01 | Build | Palisade Wall |
| 1:29 | Create | Villager (Male) |
| 1:29 | Create | Villager (Male) |
| 1:30 | Create | Villager (Male) |
| 1:30 | Create | Villager (Male) |
| 1:30 | Create | Villager (Male) |
| 1:52 | Build | House |
| 1:55 | Build | House |
| 3:01 | Build | House |
| 3:12 | Create | Villager (Male) |
| 3:12 | Create | Villager (Male) |
| 3:12 | Create | Villager (Male) |
| 4:35 | Create | Villager (Male) |
| 4:35 | Create | Villager (Male) |
| 4:35 | Create | Villager (Male) |
| 4:36 | Create | Villager (Male) |
| 5:11 | Create | Villager (Male) |
| 5:11 | Create | Villager (Male) |
| 6:30 | Create | Villager (Male) |
| 6:30 | Create | Villager (Male) |
| 6:30 | Create | Villager (Male) |
| 6:31 | Create | Villager (Male) |
| 7:24 | Create | Villager (Male) |
| 7:25 | Create | Villager (Male) |
| 7:25 | Create | Villager (Male) |
| 8:37 | Create | Villager (Male) |
| 8:45 | Create | Villager (Male) |
| 9:01 | Create | Villager (Male) |
| 9:11 | Build | Mill |
| 10:18 | Build | Barracks |
| 10:53 | Build | House |
| 10:55 | Build | House |
| 10:58 | Build | House |
| 11:06 | Build | House |
| 11:09 | Build | House |
| 11:15 | Build | House |
| 11:34 | Build | Lumber Camp |
| 11:44 | Create | Villager (Male) |
| 11:44 | Create | Villager (Male) |
| 11:45 | Create | Villager (Male) |
| 12:48 | Create | Villager (Male) |
| 13:25 | Build | Mining Camp |
| 13:34 | Create | Villager (Male) |
| 14:17 | Create | Villager (Male) |
| 14:31 | Build | Mining Camp |
| 14:42 | Build | House |
| 14:48 | Build | House |
| 14:54 | Build | House |
| 14:58 | Build | House |
| 15:04 | Build | House |
| 15:06 | Build | House |
| 15:09 | Build | House |
| 15:11 | Build | House |
| 15:15 | Build | House |
| 15:24 | Create | Villager (Male) |
| 15:28 | Research | Feudal Age |
| 16:38 | Build | Dock |
| 16:58 | Build | Mining Camp |
| 17:59 | Build | Barracks |
| 17:59 | Age | Feudal Age |
| 18:00 | Build | Barracks |
| 18:12 | Research | Man-at-Arms (upgrade) |
| 18:15 | Create | Militia |
| 18:15 | Create | Militia |
| 18:15 | Create | Militia |
| 18:15 | Create | Militia |
| 18:16 | Create | Militia |
| 18:16 | Create | Militia |
| 18:16 | Create | Militia |
| 18:16 | Create | Militia |
| 18:32 | Build | House |
| 18:34 | Build | House |
| 18:35 | Build | House |
| 19:10 | Build | Archery Range |
| 19:23 | Build | Watch Tower |
| 20:46 | Build | Barracks |
| 21:22 | Build | House |
| 21:24 | Build | House |
| 21:27 | Build | House |
| 21:30 | Build | House |
| 21:46 | Create | Militia |
| 21:46 | Create | Militia |
| 21:46 | Create | Militia |
| 21:46 | Create | Militia |
| 21:47 | Create | Militia |
| 21:47 | Create | Militia |
| 21:47 | Create | Militia |
| 21:48 | Create | Militia |
| 22:04 | Build | Archery Range |
| 23:03 | Build | Archery Range |
| 23:47 | Create | Archer |
| 23:47 | Create | Archer |
| 23:47 | Create | Archer |
| 23:47 | Create | Archer |
| 23:47 | Create | Archer |
| 24:53 | Build | Blacksmith |
| 25:43 | Create | Fire Galley |
| 25:43 | Create | Fire Galley |
| 25:55 | Create | Archer |
| 25:55 | Create | Archer |
| 25:56 | Create | Archer |
| 26:59 | Create | Archer |
| 27:00 | Create | Archer |
| 27:01 | Create | Archer |
| 27:01 | Create | Archer |
| 28:08 | Create | Fire Galley |
| 28:09 | Create | Fire Galley |
| 28:49 | Build | Stable |
| 29:12 | Create | Demolition Raft |
| 29:20 | Create | Unit 2626 |
| 29:37 | Create | Demolition Raft |
Build order — asl_amsterdam
First 150 of 400 actions detected
| 0:04 | Research | Loom |
| 0:04 | Create | Villager (Male) |
| 0:05 | Create | Villager (Male) |
| 0:05 | Create | Villager (Male) |
| 0:05 | Create | Villager (Male) |
| 0:05 | Create | Villager (Male) |
| 0:06 | Create | Villager (Male) |
| 0:06 | Create | Villager (Male) |
| 0:27 | Build | House |
| 0:28 | Build | House |
| 0:29 | Build | House |
| 0:31 | Build | House |
| 0:33 | Build | House |
| 1:40 | Create | Villager (Male) |
| 1:40 | Create | Villager (Male) |
| 3:02 | Create | Villager (Male) |
| 3:02 | Create | Villager (Male) |
| 3:02 | Create | Villager (Male) |
| 3:33 | Create | Villager (Male) |
| 3:34 | Create | Villager (Male) |
| 4:26 | Create | Villager (Male) |
| 4:26 | Create | Villager (Male) |
| 4:26 | Create | Villager (Male) |
| 4:30 | Create | Villager (Male) |
| 4:59 | Build | Mill |
| 5:17 | Create | Villager (Male) |
| 5:17 | Create | Villager (Male) |
| 5:17 | Create | Villager (Male) |
| 5:46 | Create | Villager (Male) |
| 5:47 | Create | Villager (Male) |
| 6:07 | Create | Villager (Male) |
| 6:07 | Create | Villager (Male) |
| 6:07 | Create | Villager (Male) |
| 6:56 | Build | Lumber Camp |
| 7:12 | Create | Villager (Male) |
| 7:12 | Create | Villager (Male) |
| 8:15 | Create | Villager (Male) |
| 8:15 | Create | Villager (Male) |
| 8:16 | Create | Villager (Male) |
| 8:16 | Create | Villager (Male) |
| 9:16 | Build | Mill |
| 9:22 | Build | Mining Camp |
| 9:26 | Create | Villager (Male) |
| 9:26 | Create | Villager (Male) |
| 9:26 | Create | Villager (Male) |
| 10:06 | Create | Villager (Male) |
| 10:06 | Create | Villager (Male) |
| 10:15 | Build | House |
| 10:16 | Build | House |
| 10:17 | Build | House |
| 10:19 | Build | House |
| 10:20 | Build | House |
| 11:19 | Build | Farm |
| 11:27 | Build | Barracks |
| 11:34 | Build | Farm |
| 12:02 | Build | Farm |
| 12:42 | Create | Villager (Male) |
| 12:43 | Research | Feudal Age |
| 12:54 | Build | Farm |
| 13:15 | Build | Farm |
| 13:25 | Build | Barracks |
| 13:40 | Create | Villager (Male) |
| 13:41 | Create | Villager (Male) |
| 13:41 | Create | Villager (Male) |
| 13:47 | Create | Militia |
| 13:47 | Create | Militia |
| 13:47 | Create | Militia |
| 15:30 | Create | Militia |
| 15:30 | Create | Militia |
| 15:35 | Age | Feudal Age |
| 15:41 | Build | Archery Range |
| 15:54 | Build | Farm |
| 16:02 | Build | Market |
| 16:14 | Build | Farm |
| 16:31 | Build | Blacksmith |
| 16:51 | Build | Farm |
| 16:55 | Create | Archer |
| 16:56 | Create | Archer |
| 16:56 | Create | Archer |
| 16:56 | Create | Archer |
| 17:07 | Build | Mining Camp |
| 17:32 | Build | Farm |
| 17:47 | Build | Mining Camp |
| 17:57 | Research | Castle Age |
| 18:35 | Research | Wheelbarrow |
| 18:36 | Research | Town Watch |
| 18:39 | Research | Stone Mining |
| 18:40 | Research | Gold Mining |
| 18:46 | Research | Double-Bit Axe |
| 18:57 | Build | Farm |
| 19:18 | Build | Stone Wall |
| 19:37 | Build | Farm |
| 19:50 | Build | Farm |
| 19:56 | Build | Farm |
| 20:37 | Age | Castle Age |
| 20:45 | Create | Villager (Male) |
| 20:45 | Create | Villager (Male) |
| 20:45 | Create | Villager (Male) |
| 20:45 | Create | Villager (Male) |
| 21:19 | Build | Town Center |
| 21:23 | Create | Villager (Male) |
| 21:24 | Create | Villager (Male) |
| 21:24 | Create | Villager (Male) |
| 21:25 | Create | Villager (Male) |
| 21:25 | Create | Villager (Male) |
| 21:54 | Research | Stone Shaft Mining |
| 21:57 | Research | Man-at-Arms (upgrade) |
| 22:15 | Create | Trade Cart |
| 22:16 | Create | Trade Cart |
| 22:46 | Build | Farm |
| 22:52 | Create | Villager (Male) |
| 22:52 | Create | Villager (Male) |
| 22:53 | Create | Villager (Male) |
| 22:53 | Create | Villager (Male) |
| 22:54 | Create | Villager (Male) |
| 22:54 | Create | Villager (Male) |
| 23:09 | Build | Farm |
| 23:14 | Build | Farm |
| 23:16 | Create | Villager (Male) |
| 23:16 | Create | Villager (Male) |
| 23:16 | Create | Villager (Male) |
| 23:17 | Create | Villager (Male) |
| 23:22 | Build | Farm |
| 23:28 | Create | Villager (Male) |
| 23:42 | Build | Farm |
| 23:48 | Create | Villager (Male) |
| 24:08 | Build | Monastery |
| 24:15 | Build | Lumber Camp |
| 24:23 | Research | Crossbowman (upgrade) |
| 24:32 | Build | Mining Camp |
| 24:45 | Build | Lumber Camp |
| 24:47 | Create | Villager (Male) |
| 24:48 | Create | Villager (Male) |
| 24:48 | Create | Villager (Male) |
| 24:49 | Create | Villager (Male) |
| 24:49 | Create | Villager (Male) |
| 25:03 | Build | House |
| 25:04 | Build | House |
| 25:05 | Build | House |
| 25:07 | Build | House |
| 25:09 | Build | House |
| 25:10 | Build | House |
| 25:15 | Create | Monk |
| 25:29 | Build | Stone Wall |
| 25:46 | Build | Mining Camp |
| 25:50 | Research | Squires |
| 25:50 | Research | Pikeman (upgrade) |
| 25:55 | Build | Farm |
| 26:04 | Create | Villager (Male) |
| 26:05 | Create | Villager (Male) |
Match timeline
| 0:39 | EL-Majdoub · wall_segment Palisade Wall x7 |
| 0:42 | EL-Majdoub · wall_segment Palisade Wall x14 |
| 0:46 | EL-Majdoub · wall_segment Palisade Wall x7 |
| 0:51 | EL-Majdoub · wall_segment Palisade Wall x9 |
| 1:01 | EL-Majdoub · wall_segment Palisade Wall x10 |
| 8:09 | SINCITY80NYC · wall_segment Palisade Wall x2 |
| 10:04 | SINCITY80NYC · wall_segment Palisade Wall x7 |
| 10:18 | EL-Majdoub · first_building Barracks |
| 10:35 | SINCITY80NYC · age_up feudal |
| 11:27 | asl_amsterdam · first_building Barracks |
| 11:50 | butyugov.gp · first_building Barracks |
| 12:15 | Ganz · first_building Barracks |
| 13:53 | Ganz · first_building Dock |
| 13:59 | Ganz · age_up feudal |
| 15:26 | SINCITY80NYC · wall_segment Stone Wall x16 |
| 15:35 | asl_amsterdam · age_up feudal |
| 15:37 | butyugov.gp · age_up feudal |
| 15:41 | asl_amsterdam · first_building Archery Range |
| 15:42 | Ganz · first_building Stable |
| 15:57 | butyugov.gp · first_building Archery Range |
| 16:38 | EL-Majdoub · first_building Dock |
| 17:16 | Ganz · wall_segment Stone Wall x20 |
| 17:29 | _Wood_Miner_ · age_up feudal |
| 17:44 | Ganz · first_building Archery Range |
| 17:59 | EL-Majdoub · age_up feudal |
| 19:10 | EL-Majdoub · first_building Archery Range |
| 19:18 | asl_amsterdam · wall_segment Stone Wall x21 |
| 20:37 | asl_amsterdam · age_up castle |
| 22:00 | _Wood_Miner_ · age_up castle |
| 22:16 | Ganz · wall_segment Stone Wall x21 |
| 22:27 | _Wood_Miner_ · first_market_sell 100 food |
| 22:28 | _Wood_Miner_ · first_market_buy 100 wood |
| 24:08 | asl_amsterdam · first_building Monastery |
| 24:43 | SINCITY80NYC · first_building Dock |
| 25:29 | asl_amsterdam · wall_segment Stone Wall x7 |
| 25:48 | Ganz · age_up castle |
| 26:18 | _Wood_Miner_ · first_building Barracks |
| 27:01 | _Wood_Miner_ · first_building Stable |
| 27:02 | Ganz · first_building Siege Workshop |
| 28:18 | butyugov.gp · age_up castle |
| 28:43 | butyugov.gp · first_building Siege Workshop |
| 28:49 | EL-Majdoub · first_building Stable |
| 30:48 | SINCITY80NYC · age_up castle |
| 31:39 | EL-Majdoub · resign |
| 32:43 | asl_amsterdam · first_building Castle |
| 32:49 | SINCITY80NYC · first_building Castle |
| 34:34 | SINCITY80NYC · first_building Siege Workshop |
| 34:51 | butyugov.gp · first_building Monastery |
| 36:16 | asl_amsterdam · first_building Siege Workshop |
| 36:59 | Ganz · first_building Monastery |
| 42:04 | Ganz · first_building Castle |
| 42:32 | butyugov.gp · age_up imperial |
| 44:15 | Ganz · age_up imperial |
| 44:43 | asl_amsterdam · age_up imperial |
| 45:31 | SINCITY80NYC · age_up imperial |
| 48:55 | butyugov.gp · first_building Castle |
| 51:22 | butyugov.gp · first_building Stable |
[ AI ANALYSIS · 1 CREDIT ]
What really happened in this match?
Wolo.gg analyzes every decision: build order, eco, micro, common mistakes by bracket. Personalized analysis on WhatsApp or Discord in 30 seconds.
Civ guide
Portuguese
Map guide
Black Forest
Perfil
Jugador #15221689